 Dungeon Crawl Stone Soup version 0.29.1-2-gbd0b4ee654 (webtiles) character file.

Game seed: 3052461625510350129

12037 Icepheonix32 the Grappler (level 11, -5/98 HPs)
             Began as a Demigod Transmuter on Nov 10, 2022.
             Slain by an eight-headed hydra (13 damage)
             ... on level 11 of the Dungeon.
             The game lasted 00:25:12 (9085 turns).

Icepheonix32 the Grappler (Demigod Transmuter)      Turns: 9085, Time: 00:25:13

Health: -5/98      AC:  7    Str: 19    XL:     11   Next: 32%
Magic:  16/22      EV: 12    Int: 15    God:
Gold:   666        SH:  0    Dex: 18    Spells: 5/19 levels left

rFire   x . .      SeeInvis .     - Unarmed
rCold   + + +      Faith    .   (shield currently unavailable)
rNeg    . . .      Spirit   .   (body armour currently unavailable)
rPois   +          Reflect  .   (helmet currently unavailable)
rElec   .          Harm     .   (cloak currently unavailable)
rCorr   .          Rampage  .   (gloves currently unavailable)
Will    +....                   (boots currently unavailable)
Stlth   ++........              c - amulet of regeneration
HPRegen 1.86/turn               p - ring of wizardry
MPRegen 0.18/turn               (no ring)

@: ice-form, studying Evocations
A: freezing attack, amphibious, boosted hp, large, high MP 1, forlorn, divine
attributes, (poison resistance), regeneration 1, screaming 1
a: End Transformation


You were on level 11 of the Dungeon.
You were a creature of crystalline ice.
You visited 1 branch of the dungeon, and saw 11 of its levels.
You also visited: Sewer and Ossuary.

You collected 666 gold pieces.

Inventory:

Hand Weapons
 w - a +0 club
 B - the +9 sling of Youthful Indiscretion {venom, rElec}
   (You found it on level 3 of the Dungeon)

   Any ammunition fired from it poisons the flesh of those it strikes.
   rElec:     It insulates you from electricity.
 P - the +10 war axe of Wealth {spect, rCorr Dex+3}
   (You took it off a centaur warrior on level 9 of the Dungeon)

   When its wielder attacks, the weapon's spirit leaps out and strikes again.
   The spirit shares a part of any damage it takes with its wielder.
   Dex:       It affects your dexterity (+3).
   rCorr:     It protects you from acid and corrosion.
Missiles
 g - a curare-tipped dart
 j - 11 boomerangs
 G - 21 poisoned darts
Armour
 a - a +0 robe
 l - a +1 pair of gloves (melded)
 u - a +0 leather armour (melded)
 I - a +0 cloak of poison resistance (melded)
 J - a +1 scale mail of fire resistance
 L - a +0 pair of boots (melded)
Magical Staves
 e - a staff of poison
Jewellery
 c - an amulet of regeneration (around neck)
 p - a ring of wizardry (left front paw)
 t - an amulet of magic regeneration
Wands
 h - a wand of flame (36)
 A - a wand of charming (2)
 N - a wand of polymorph (21)
Scrolls
 d - 8 scrolls of teleportation
 f - 3 scrolls of blinking
 o - 3 scrolls of butterflies
 r - a scroll of fear
 s - 3 scrolls of poison
 y - a scroll of amnesia
 C - 7 scrolls of identify
 F - a scroll of magic mapping
 O - a scroll of enchant armour
Potions
 i - 3 potions of heal wounds
 k - 2 potions of resistance
 m - 2 potions of ambrosia
 n - 9 potions of curing
 q - a potion of attraction
 v - 3 potions of magic
 x - a potion of berserk rage {unknown}
 z - 4 potions of haste {unknown}
 D - 3 potions of mutation
 E - a potion of cancellation
 H - a potion of flight {unknown}
 K - a potion of brilliance
 M - 2 potions of might


   Skills:
 + Level 3.5 Fighting
 + Level 2.6 Ranged Weapons
 + Level 0.1 Throwing
 + Level 2.3 Armour
 + Level 5.4 Dodging
 - Level 1.4 Stealth
 + Level 8.1 Unarmed Combat
 + Level 4.9 Spellcasting
 * Level 4.0 Summonings
 * Level 7.4 Transmutations
 * Level 6.3 Ice Magic
 + Level 4.0 Poison Magic
 * Level 6.1 Evocations


You had 5 spell levels left.
You knew the following spells:

 Your Spells              Type           Power      Damage    Failure   Level
a - Beastly Appendage     Tmut           50%        N/A       1%          1
b - Spider Form           Tmut/Pois      20%        N/A       1%          3
c - Wereblood             Tmut           25%        N/A       1%          2
d - Ice Form              Ice/Tmut       24%        N/A       4%          4
e - Summon Ice Beast      Ice/Summ       19%        N/A       8%          4

Your spell library contained the following spells:

 Spells                   Type           Power      Damage    Failure   Level
 Call Canine Familiar     Summ           15%        N/A       4%          3
 Scorch                   Fire           6%         2d5       11%         2
 Portal Projectile        Hex/Tloc       6%         N/A       21%         3
 Flame Wave               Conj/Fire      3%         2d5       52%         4
 Leda's Liquefaction      Hex/Erth       1%         N/A       52%         4
 Summon Mana Viper        Hex/Summ       9%         N/A       58%         5
 Summon Cactus Giant      Summ           7%         N/A       86%         6
 Monstrous Menagerie      Summ           7%         N/A       100%        7


Dungeon Overview and Level Annotations

Branches:
Dungeon (11/15)            Temple (0/1) D:4            Lair (0/5) D:10
    Orc (0/2) D:9           Sewer (visited)         Ossuary (visited)

Shops:
D:9 (


Innate Abilities, Weirdness & Mutations

You are a creature of crystalline ice.
You have a powerful freezing melee attack.
You are amphibious.
Your maximum health is increased.
Your armour is entirely melded.
You are incapable of wielding weapons or throwing items.
You have an increased reservoir of magic. (+10% MP)
You shall have no god before yourself.
Your divine heritage dramatically boosts your attributes as you level up.
((Your system is resistant to poisons. (rPois)))
Your natural rate of healing is unusually fast.
You occasionally shout uncontrollably at your foes.


Message History

Your transformation has ended.
Your +0 cloak of poison resistance unmelds from your body.
Your +1 pair of gloves unmelds from your body.
Your +0 pair of boots unmelds from your body.
Your +0 leather armour unmelds from your body.
You feel resistant to poison.
You turn into a creature of crystalline ice.
Your +0 cloak of poison resistance melds into your body.
Your +1 pair of gloves melds into your body.
Your +0 pair of boots melds into your body.
Your +0 leather armour melds into your body.
The eight-headed hydra misses you.
The eight-headed hydra barely misses you.
The eight-headed hydra bites you! x2; The eight-headed hydra misses you.
The eight-headed hydra bites you but does no damage.
The eight-headed hydra barely misses you.
The eight-headed hydra bites you!
* * * LOW HITPOINT WARNING * * *
You completely miss the eight-headed hydra.
The eight-headed hydra barely misses you.
The eight-headed hydra bites you.
* * * LOW HITPOINT WARNING * * *
The eight-headed hydra closely misses you.
The eight-headed hydra bites you!
* * * LOW HITPOINT WARNING * * *
The eight-headed hydra misses you.
The eight-headed hydra barely misses you.
The eight-headed hydra bites you.
* * * LOW HITPOINT WARNING * * *
The eight-headed hydra misses you.
You feel much better. The eight-headed hydra bites you!
* * * LOW HITPOINT WARNING * * *
The eight-headed hydra barely misses you.
The eight-headed hydra bites you but does no damage.
The eight-headed hydra bites you!
* * * LOW HITPOINT WARNING * * *
The eight-headed hydra bites you.
* * * LOW HITPOINT WARNING * * *
The eight-headed hydra bites you!
You die...

#.## #..#
##.# + #.# #
#.# # #.###
#...###
###...#
###Y#
########D###
#.......C..#
#..........#
#..........#
#......<...#
#..........+
#..........#
########+###


You could see an eight-headed hydra and a cyclops.

Vanquished Creatures
  A boulder beetle (D:11)
  A centaur warrior (D:9)
  A two-headed ogre (D:9)
  A deep elf pyromancer (D:10)
  Maurice (D:10)
  Joseph (D:8)
  2 hornets
  2 trolls
  A raiju (D:10)
  2 wyverns (D:10)
  2 shadows
  2 wraiths
  9 yaks (D:10)
  2 steam dragons
  A warg (D:9)
  2 acid dragons
  4 water moccasins
  A black bear (D:5)
  5 orc warriors
  3 ice beasts
  3 ogres
  2 centaurs
  2 phantoms (D:5)
  4 kobold brigands
  5 bullfrogs
  2 water moccasin zombies (Ossuary)
  2 scorpions
  9 wights
  16 killer bees
  A howler monkey (D:6)
  3 hounds (D:5)
  3 jellies
  5 orc priests
  A gnoll bouda (D:6)
  5 iguanas
  An iron imp (D:3)
  7 orc wizards
  2 mummies (Ossuary)
  5 gnolls
  6 river rats (Sewer)
  10 adders
  A shadow imp (D:7)
  A white imp (D:6)
  2 adder zombies (Ossuary)
  4 worms
  4 dart slugs
  28 orcs
  10 endoplasms
  4 giant cockroaches
  5 goblins
  7 hobgoblins
  26 kobolds
  5 quokkas
  23 ball pythons
  5 bats
  4 frilled lizards
  5 gnoll zombies (Ossuary)
  6 hobgoblin zombies (Ossuary)
  6 kobold zombies (Ossuary)
  2 orc zombies (Ossuary)
  25 rats
311 creatures vanquished.

Vanquished Creatures (collateral kills)
  A gargoyle (D:10)
  2 water moccasins (D:10)
  A kobold zombie (Ossuary)
4 creatures vanquished.

Vanquished Creatures (others)
  3 fungi
  16 plants
19 creatures vanquished.

Grand Total: 334 creatures vanquished

Notes
Turn   | Place    | Note
-------+----------+-------------------------------------------
     0 | D:1      | Icepheonix32 the Demigod Transmuter began the quest for the
                  | Orb.
     0 | D:1      | Reached XP level 1. HP: 15/15 MP: 5/5
   235 | D:1      | Reached skill level 3 in Unarmed Combat
   235 | D:1      | Reached XP level 2. HP: 22/22 MP: 7/7
   514 | D:1      | Reached skill level 1 in Fighting
   985 | D:2      | Reached XP level 3. HP: 25/28 MP: 8/8
  1082 | D:2      | Reached skill level 1 in Stealth
  1087 | D:2      | Learned a level 3 spell: Spider Form
  1661 | D:3      | Found a glowing drain.
  1690 | Sewer    | Entered a sewer
  1714 | Sewer    | Reached XP level 4. HP: 31/35 MP: 5/10
  2055 | Sewer    | Reached skill level 1 in Armour
  2055 | Sewer    | Reached XP level 5. HP: 38/40 MP: 7/11
  2088 | Sewer    | Learned a level 2 spell: Wereblood
  2115 | Sewer    | Reached skill level 1 in Poison Magic
  2132 | Sewer    | Reached XP level 6. HP: 45/47 MP: 12/12
  2162 | Sewer    | Learned a level 4 spell: Ice Form
  2391 | D:3      | Identified the +7 dagger of Sioc {venom, rF+ Stlth+}
  2430 | D:3      | Identified the +9 sling of Youthful Indiscretion {venom,
                  | rElec}
  2715 | D:3      | Gained mutation: You occasionally shout uncontrollably at
                  | your foes. [potion of mutation]
  2715 | D:3      | Gained mutation: Your natural rate of healing is unusually
                  | fast. [potion of mutation]
  2715 | D:3      | Gained mutation: Your system is resistant to poisons.
                  | (rPois) [potion of mutation]
  3044 | D:4      | Reached skill level 1 in Ice Magic
  3337 | D:4      | Found a staircase to the Ecumenical Temple.
  3679 | D:5      | Entered Level 5 of the Dungeon
  3730 | D:5      | Reached XP level 7. HP: 50/52 MP: 10/14
  4040 | D:5      | Reached skill level 4 in Unarmed Combat
  4419 | D:5      | Reached XP level 8. HP: 58/61 MP: 13/16
  4584 | D:6      | Noticed a +0 hand axe
  4611 | D:6      | Noticed a +0 dagger
  4954 | D:6      | Reached skill level 5 in Unarmed Combat
  4977 | D:6      | Reached skill level 5 in Transmutations
  5293 | D:7      | Identified the +6 hand axe of Scorn {flame, +Blink rF+
                  | Stlth+}
  5324 | D:7      | Reached XP level 9. HP: 68/68 MP: 13/18
  5461 | D:7      | Found a sand-covered staircase.
  5465 | Ossuary  | Entered an ossuary
  5523 | Ossuary  | Learned a level 4 spell: Summon Ice Beast
  5621 | Ossuary  | Reached skill level 6 in Unarmed Combat
  6095 | D:7      | Reached skill level 1 in Evocations
  6292 | D:8      | Reached skill level 1 in Summonings
  6772 | D:8      | Noticed Joseph
  6794 | D:8      | Killed Joseph
  6795 | D:8      | Reached skill level 5 in Ice Magic
  7113 | D:9      | Reached XP level 10. HP: 74/74 MP: 17/20
  7134 | D:9      | Found a staircase to the Orcish Mines.
  7234 | D:9      | Found Rikh's Weapon Shoppe.
  7288 | D:9      | Identified the +10 war axe of Wealth {spect, rCorr Dex+3}
  7288 | D:9      | Noticed a centaur warrior
  7294 | D:9      | Killed a centaur warrior
  7295 | D:9      | Reached skill level 1 in Ranged Weapons
  7295 | D:9      | Reached skill level 7 in Unarmed Combat
  7351 | D:9      | Noticed a two-headed ogre
  7367 | D:9      | Killed a two-headed ogre
  7368 | D:9      | Reached skill level 5 in Dodging
  7715 | D:10     | Entered Level 10 of the Dungeon
  7826 | D:10     | Found a staircase to the Lair.
  8199 | D:10     | Noticed a deep elf pyromancer
  8208 | D:10     | Killed a deep elf pyromancer
  8209 | D:10     | Reached skill level 5 in Evocations
  8235 | D:10     | Reached XP level 11. HP: 82/82 MP: 22/22
  8298 | D:10     | Noticed Maurice
  8312 | D:10     | Killed Maurice
  8753 | D:11     | Reached skill level 8 in Unarmed Combat
  9006 | D:11     | Noticed a boulder beetle
  9027 | D:11     | Killed a boulder beetle
  9077 | D:11     | Noticed an eight-headed hydra
  9085 | D:11     | Slain by an eight-headed hydra

Illustrated notes

Levels and vault maps discovered:
D:1:      minmay_arrival_plants_in_alcoves, layout_rooms
D:2:      wad_crossroads, layout_basic, basic_altar, minmay_small_reverse_x
D:3:      minmay_chambers_of_twos, layout_basic,
          mainiacjoe_overflow_concentric_impassable, slow_altar_1,
          grunt_temple_overflow_forces_of_nature,
          shapermc_ecumenical_altar_pompeii, gup_sewer_entry_glass,
          grunt_ministairs_7
D:4:      layout_loops_ring, minmay_temple_entry_antechambers,
          eino_small_chamber_without_monster
D:5:      layout_loops_ring, cheibrodos_ashenzari_chains
D:6:      layout_rooms, dancing_weapons_uskayaw
D:7:      layout_loops_cross, enter_ossuary_5, minmay_manual_mandibuliform
D:8:      layout_loops_ring, mainiacjoe_overflow_brackets, uniq_joseph
D:9:      layout_big_octagon, mainiacjoe_overflow_cross_hatched, david_orc_3,
          serial_shops, shop, kennysheep_doodads, minmay_checkerbox
D:10:     layout_loops_ring, minmay_lair_entry_grove, uniq_maurice
D:11:     layout_roguey

Skill      XL: |  1  2  3  4  5  6  7  8  9 10 11 |
---------------+----------------------------------+-----
Transmutations | 2 3 4 5 6 7 |  7.4
Unarmed Combat | 3 4 5 6 7 8 |  8.1
Dodging        | 2 3 4 5 |  5.4
Fighting       | 1 2 3 |  3.5
Stealth        | 1 |  1.4
Spellcasting   | 2 3 4 |  4.9
Armour         | 1 2 |  2.3
Poison Magic   | 1 2 3 4 |  4.0
Ice Magic      | 1 2 3 5 6 |  6.3
Evocations     | 2 5 6 |  6.1
Summonings     | 1 3 4 |  4.0
Ranged Weapons | 2 |  2.6
Throwing       | |  0.1

Action                   |  1- 3 |  4- 6 |  7- 9 | 10-12 || total
-------------------------+-------+-------+-------+-------++-------
Melee: Unarmed           |   107 |   113 |   349 |   234 ||   803
       Kick              |    19 |    17 |       |       ||    36
       Headbutt          |    15 |     8 |       |       ||    23
       Staff             |    26 |   119 |    16 |       ||   161
       Punch             |     1 |     1 |     1 |     1 ||     4
       Sling             |       |       |       |     1 ||     1
 Fire: Sling             |       |       |     4 |    43 ||    47
Throw: Boomerang         |       |     3 |       |       ||     3
 Cast: Beastly Appendage |    24 |     7 |       |       ||    31
       Spider Form       |     1 |    20 |    24 |    15 ||    60
       Wereblood         |       |     2 |    10 |     8 ||    20
       Ice Form          |       |       |    14 |     6 ||    20
       Summon Ice Beast  |       |       |     2 |     4 ||     6
Evoke: Wand              |       |     5 |     3 |     6 ||    14
  Use: Scroll            |    12 |     5 |       |     1 ||    18
       Potion            |       |    10 |     1 |     3 ||    14
 Stab: Sleeping          |     4 |     5 |     1 |     1 ||    11
       Distracted        |       |       |     1 |       ||     1
Armor: Robe              |    28 |    20 |       |       ||    48
       Skin              |     1 |   127 |    49 |   112 ||   289
       Leather armour    |       |    37 |     6 |     2 ||    45
Dodge: Dodged            |    90 |   254 |   311 |   211 ||   866
